 Dungeon Sprint DCSS version 0.20.1-1-g8b1a95d (console) character file.

121245 hilaritas the Conqueror (level 16, -3/183 HPs)
             Began as a Minotaur Fighter on Aug 16, 2017.
             Was the Champion of the Shining One.
             Slain by a yellow draconian
             ... wielding a +0 glaive
              (14 damage)
             ... in the Dungeon (Sprint V: "Ziggurat Sprint").
             The game lasted 00:34:20 (4191 turns).

hilaritas the Conqueror (Minotaur Fighter)          Turns: 4191, Time: 00:34:20

Health: -3/183     AC: 39    Str: 36    XL:     16   Next: 31%
Magic:  2/32       EV: 13    Int:  5    God:    the Shining One [******]
Gold:   0          SH: 55    Dex: 24    Spells: 10/15 levels left

rFire    + . .     SeeInvis +   M - +9 eudemon blade (holy)
rCold    + . .     Gourm    .   n - +18 shield of the Gong {rElec rN+ MR+ EV-5}
rNeg     + + +     Faith    .   l - +9 gold dragon scales
rPois    +         Spirit   .   O - +0 hat {SInv}
rElec    +         Reflect  +   (no cloak)
rCorr    .         Harm     .   (no gloves)
MR       ++...     NoTele   +   G - +2 pair of boots of the Assassin {Detection Stab+ Stlth++}
Stlth    ..........             c - +5 amulet of reflection (curse)
Regen    0.4/turn               I - +6 ring of strength
MPRegen  0.3/turn               D - +6 ring of dexterity

@: mighty, agile, divine shield, hasted, glowing, constricted, very quick
A: retaliatory headbutt, horns 2
a: Divine Shield, Cleansing Flame, Summon Divine Warrior, Renounce Religion


You were in the Dungeon.
You worshipped the Shining One.
The Shining One was exalted by your worship.
You were not hungry.

You visited 1 branch

Inventory:

Hand Weapons
 M - a +9 eudemon blade of holy wrath (weapon)
 N - a +7 double sword of flaming
Missiles
 V - 50 javelins (quivered)
Armour
 l - +9 gold dragon scales (worn)
 n - the +18 shield of the Gong (worn) {rElec rN+ MR+ EV-5}
   (You found it in the Dungeon)

   It affects your evasion (-5).
   It insulates you from electricity.
   It protects you from negative energy.
   It affects your resistance to hostile enchantments.
 G - the +2 pair of boots of the Assassin (worn) {Detection Stab+ Stlth++}
   (You found it in the Dungeon)

   It makes you much more stealthy.
 O - a +0 hat of see invisible (worn)
Jewellery
 c - a cursed +5 amulet of reflection (around neck)
 q - an uncursed ring of protection from cold
 D - a +6 ring of dexterity (right hand)
 H - an uncursed ring of fire
 I - a +6 ring of strength (left hand)
 J - an uncursed ring of protection from magic
 S - an uncursed ring of protection from magic
 T - an uncursed ring of wizardry
 W - the ring of Hepliaklqana's Regard {+Fly rF- Int+4}
   (You found it in the Dungeon)

   [ring of flight]

   It affects your intelligence (+4).
   It makes you vulnerable to fire.
   It lets you fly.
 X - an uncursed ring of protection from cold
 Y - the amulet "Ocanim" {Inacc MR+ Str+4 Stlth+}
   (You found it in the Dungeon)

   [amulet of inaccuracy]

   It reduces the accuracy of all your attacks.
   It affects your strength (+4).
   It affects your resistance to hostile enchantments.
   It makes you more stealthy.
 Z - the ring of Ygiehir {Fire Dex+4}
   (You found it in the Dungeon)

   [ring of fire]

   It enhances your fire magic.
   It affects your dexterity (+4).
   It protects you from fire.
   It makes you vulnerable to cold.
Wands
 z - a wand of disintegration (7/24)
 A - a wand of iceblast (5/15)
 B - a wand of lightning (5/15)
 C - a wand of acid (5/15)
Scrolls
 k - 3 scrolls of blinking
 s - 4 scrolls of amnesia
 t - 3 scrolls of recharging
 u - 7 scrolls of fog
 v - a scroll of holy word
 w - 5 scrolls of identify
 x - 5 scrolls of remove curse
 y - 2 scrolls of fear
Potions
 d - 5 potions of might
 e - 10 potions of curing
 g - 7 potions of heal wounds
 h - 4 potions of haste
 i - 4 potions of magic
 j - 3 potions of berserk rage
 o - 2 potions of brilliance
 p - 4 potions of resistance
 r - 4 potions of agility
Miscellaneous
 a - 5 sacks of spiders
 F - a fan of gales
 K - a lightning rod (4/4)
 L - a lamp of fire
 P - 7 boxes of beasts
 Q - 5 phantom mirrors
 R - a phial of floods
Comestibles
 b - 41 fruits
 f - 5 bread rations
 m - 4 meat rations
 E - a royal jelly


   Skills:
 O Level 27 Fighting
 - Level 14.7 Long Blades
 O Level 27 Armour
 - Level 9.1 Dodging
 - Level 15.2 Shields
 + Level 26.1 Invocations
 - Level 10.9 Evocations


You had 10 spell levels left.
You knew the following spells:

 Your Spells              Type           Power        Failure   Level  Hunger
a - Swiftness             Chrm/Air       #.......     97%         2    ###....
b - Apportation           Tloc           #.....       91%         1    ##.....
c - Blink                 Tloc           N/A          97%         2    ###....


Dungeon Overview and Level Annotations

Branches:
Dungeon (1/1)

Altars:
Ashenzari
Cheibriados
Dithmenos
Elyvilon
Fedhas
Gozag
Hepliaklqana
Kikubaaqudgha
Makhleb
Nemelex Xobeh
Okawaru
Qazlal
Ru
Sif Muna
Trog
Uskayaw
Vehumet
Xom
Yredelemnul
Zin
The Shining One
Beogh
Jiyva
Lugonu


Innate Abilities, Weirdness & Mutations

You reflexively headbutt those who attack you in melee.
You have a pair of horns on your head.


Message History

GONNNNG!
The black draconian barely misses you. You furiously retaliate!
You headbutt the black draconian!
You riposte.
You barely miss the black draconian.
You headbutt the black draconian, but do no damage.
The black draconian is heavily wounded.
You block the purple draconian's attack.
SHROANNG!
You slice the tentacled monstrosity!!
The tentacled monstrosity convulses.
The tentacled monstrosity is almost dead.
The quicksilver dragon bites you!!
* * * LOW HITPOINT WARNING * * *
You block the quicksilver dragon's attack.
PANG!
You block the white draconian's attack.
GONNNNG!
You block the purple draconian's attack.
GONNNNG!
The yellow draconian hits you from afar with a glaive!
You die...

{ y ▓..))|)[.[}
[:}::}[)[::..▓....|?::="
..............▓..........
...............▓..........
................▓..........
..........y.....▓..........
........qXdD....▓.........=
........XXddd...▓........††
........dd@dy...▓...▓.....†
........dddD†...▓. ▓▓....†
...▓.....dd▓....▓...▓......
................▓..........
................▓..........
................▓▓▓▓▓▓▓▓▓▓▓
................▓ {
▓▓▓▓▓▓▓▓▓▓▓▓▓▓▓▓▓ {{ { {{
{{{


You could see a tentacled monstrosity, a golden dragon (berserk), a black
draconian (berserk), 2 draconians, 2 draconians, 2 draconians, 3 draconians, 2
draconians, a white draconian shifter, a quicksilver dragon (berserk), 2 Orb
Guardians, a ghost moth (invisible) and a moth of wrath.

Vanquished Creatures
  3 Orb Guardians (D)
  2 liches (D)
  A titan (shapeshifter) (D)
  5 death cobs (D)
  2 shadow dragons (D)
  2 storm dragons (D)
  2 azure jellies (shapeshifter) (D)
  6 fire giants (D)
  4 iron dragons (D)
  A ghost moth (D)
  3 stone giants (D)
  2 dire elephants (D)
  A green draconian (D)
  2 white draconians (D)
  2 red draconians (D)
  A spark wasp (shapeshifter) (D)
  4 merfolk impalers (D)
  A merfolk javelineer (D)
  4 fire dragons (D)
  A deep elf death mage (D)
  A mummy priest (D)
  2 hydras (D)
  5 vault guards (D)
  A hydra (shapeshifter) (D)
  A catoblepas (D)
  4 merfolk aquamancers (D)
  An alligator (shapeshifter) (D)
  8 hell hogs (D)
  2 soul eaters (D)
  A deep elf knight (D)
  5 iron golems (D)
  2 deep trolls (shapeshifter) (D)
  An unseen horror (shapeshifter) (D)
  2 death drakes (shapeshifter) (D)
  A sea snake (shapeshifter) (D)
  A sea snake (D)
  An orb spider (shapeshifter) (D)
  2 wolf spiders (D)
  2 necromancers (D)
  2 deep elf magi (D)
  A moth of wrath (shapeshifter) (D)
  An elephant (D)
  3 moths of wrath (D)
  A manticore (shapeshifter) (D)
  3 toenail golems (D)
  4 draconians (D)
  A water nymph (shapeshifter) (D)
  2 merfolk sirens (D)
  4 spiny frogs (D)
  A torpor snail (D)
  2 gargoyles (D)
  A komodo dragon (D)
  A tormentor (D)
  7 efreet (D)
  A yaktaur (D)
  3 guardian mummies (D)
  4 demonic crawlers (D)
  A red devil (D)
  A hornet (shapeshifter) (D)
  4 merfolk (D)
  2 trolls (shapeshifter) (D)
  5 hornets (D)
  6 hippogriffs (D)
  A snapping turtle (D)
  A dream sheep (D)
  A blink frog (shapeshifter) (D)
  2 flying skulls (D)
  2 shadows (D)
  2 tarantellas (D)
  A basilisk (D)
  4 redbacks (D)
  2 yaks (D)
  An ushabti (D)
  A wraith (D)
  6 fire elementals (D)
  2 swamp worms (shapeshifter) (D)
  A naga (D)
  11 hell hounds (D)
  2 water moccasins (D)
  A porcupine (shapeshifter) (D)
  A porcupine (D)
  An ice beast (shapeshifter) (D)
  An eye of draining (shapeshifter) (D)
  3 necrophages (D)
  A crocodile (D)
  5 earth elementals (D)
  2 wights (D)
  A crimson imp (D)
  2 jellies (D)
  An iguana (D)
  2 mummies (D)
  A river rat (D)
  An ufetubus (D)
  3 oozes (D)
  2 adder zombies (D)
  A ball python (D)
  4 bat skeletons (D)
  A bat zombie (D)
  A hobgoblin (shapeshifter) (D)
  A ball python zombie (D)
  3 giant cockroach zombies (D)
  A jackal skeleton (D)
  3 leopard gecko skeletons (D)
  A leopard gecko zombie (D)
  A quokka zombie (D)
  A spectral jackal (D)
  4 fire vortices (D)
243 creatures vanquished.

Vanquished Creatures (collateral kills)
  An Orb Guardian (D)
  A titan (shapeshifter) (D)
  A fire giant (D)
  A black draconian (D)
  A red draconian (D)
  A green draconian (D)
  3 merfolk javelineers (D)
  2 vault guards (D)
  A merfolk impaler (D)
  A fire dragon (D)
  A catoblepas (D)
  A hydra (D)
  A hell hog (D)
  2 soul eaters (D)
  A swamp dragon (shapeshifter) (D)
  A wolf spider (D)
  A mana viper (shapeshifter) (D)
  2 orb spiders (D)
  2 draconians (D)
  2 black mambas (D)
  2 spiny frogs (D)
  A yaktaur (D)
  A rime drake (D)
  2 demonic crawlers (D)
  A merfolk (D)
  2 hippogriffs (D)
  A vampire (D)
  A tarantella (D)
  A yak (D)
  A water moccasin (D)
  A crocodile (D)
  A wight (D)
  An adder zombie (D)
  2 bat zombies (D)
  A ball python skeleton (D)
  A fire vortex (D)
47 creatures vanquished.

Vanquished Creatures (others)
  A merfolk javelineer (D)
  2 hell hogs (D)
  A spiny frog (D)
  A centaur (D)
5 creatures vanquished.

Grand Total: 295 creatures vanquished

Notes
Turn   | Place    | Note
-------+----------+-------------------------------------------
     0 | D        | hilaritas the Minotaur Fighter began the quest for the Orb.
     0 | D        | Reached XP level 1. HP: 19/19 MP: 0/0
    14 | D        | Found a blossoming altar of Fedhas.
    15 | D        | Found a transporter.
    15 | D        | Found a viscous altar of Jiyva.
    15 | D        | Found an ancient bone altar of Kikubaaqudgha.
    15 | D        | Found a hazy altar of Hepliaklqana.
    15 | D        | Found a corrupted altar of Lugonu.
    15 | D        | Found an opulent altar of Gozag.
    15 | D        | Found a burning altar of Makhleb.
    16 | D        | Found a sacrificial altar of Ru.
    16 | D        | Found a stormy altar of Qazlal.
    16 | D        | Found a deep blue altar of Sif Muna.
    16 | D        | Found an iron altar of Okawaru.
    16 | D        | Found a bloodstained altar of Trog.
    16 | D        | Found a sparkling altar of Nemelex Xobeh.
    45 | D        | Became a worshipper of the Shining One
    84 | D        | Reached skill level 5 in Invocations
    84 | D        | Reached XP level 2. HP: 26/26 MP: 0/4
   132 | D        | Entered arena 2.
   132 | D        | Noticed a naga
   132 | D        | Found a transporter.
   140 | D        | Killed a naga
   140 | D        | Reached XP level 3. HP: 29/31 MP: 5/5
   140 | D        | Reached XP level 4. HP: 37/39 MP: 6/6
   195 | D        | Identified Easy Spellweaving (You found it in the Dungeon)
   197 | D        | Entered arena 3.
   197 | D        | Noticed a toenail golem
   197 | D        | Noticed a toenail golem
   197 | D        | Reached * piety under the Shining One
   197 | D        | Noticed a toenail golem
   197 | D        | Found a transporter.
   205 | D        | Killed a toenail golem
   205 | D        | Reached XP level 5. HP: 44/45 MP: 7/7
   205 | D        | Reached XP level 6. HP: 50/51 MP: 8/8
   211 | D        | Killed a toenail golem
   211 | D        | Reached skill level 5 in Armour
   211 | D        | Reached XP level 7. HP: 63/66 MP: 8/10
   216 | D        | Killed a toenail golem
   216 | D        | Reached XP level 8. HP: 73/75 MP: 8/12
   223 | D        | Got the ring of Oxiosips {Ice +Blink rPois Int-2 Stlth+}
   244 | D        | Entered arena 4.
   244 | D        | Found a transporter.
   249 | D        | Reached skill level 10 in Shields
   268 | D        | Entered arena 5.
   268 | D        | Reached ** piety under the Shining One
   268 | D        | Reached *** piety under the Shining One
   268 | D        | Found a transporter.
   275 | D        | Reached **** piety under the Shining One
   288 | D        | Entered arena 6.
   288 | D        | Found a transporter.
   294 | D        | Reached skill level 10 in Fighting
   311 | D        | Entered arena 7.
   311 | D        | Noticed a deep elf death mage
   311 | D        | Reached ***** piety under the Shining One
   311 | D        | Noticed a deep elf mage
   311 | D        | Noticed a deep elf mage
   311 | D        | Noticed a deep elf knight
   323 | D        | Killed a deep elf mage
   323 | D        | Reached XP level 9. HP: 72/85 MP: 10/14
   330 | D        | Killed a deep elf death mage
   331 | D        | Killed a deep elf knight
   331 | D        | Reached skill level 10 in Armour
   331 | D        | Reached skill level 10 in Invocations
   332 | D        | Found a transporter.
   341 | D        | Killed a deep elf mage
   341 | D        | Reached XP level 10. HP: 58/93 MP: 14/16
   481 | D        | Identified Ykoeceup's Disquisition on Augmentations and Confrontation (You found it in the Dungeon)
   484 | D        | Learned a level 2 spell: Swiftness
   485 | D        | Identified the Reference Book on Boosts (You found it in the Dungeon)
   493 | D        | Entered arena 8.
   493 | D        | Reached ****** piety under the Shining One
   506 | D        | Found a transporter.
   522 | D        | Entered arena 9.
   527 | D        | Identified a +7 eudemon blade of holy wrath (a +5 demon blade blessed by the Shining One)
   527 | D        | Received a gift from the Shining One
   530 | D        | Reached skill level 15 in Shields
   534 | D        | Reached skill level 1 in Dodging
   534 | D        | Reached skill level 1 in Evocations
   548 | D        | Found a transporter.
   578 | D        | Identified Sif Muna's Reference Book on Cankerous Talismans (You found it in the Dungeon)
   585 | D        | Entered arena 10.
   585 | D        | Noticed a mummy priest
   589 | D        | Found a transporter.
   590 | D        | Reached skill level 5 in Dodging
   594 | D        | Reached skill level 5 in Evocations
   594 | D        | Noticed a reaper
   595 | D        | Noticed a jiangshi
   595 | D        | Killed a mummy priest
   913 | D        | Entered arena 11.
   913 | D        | Noticed a draconian
   913 | D        | Noticed a black draconian
   913 | D        | Noticed a draconian
   913 | D        | Noticed a draconian
   913 | D        | Noticed a green draconian
   913 | D        | Noticed a draconian
   913 | D        | Noticed a draconian
   913 | D        | Noticed a red draconian
   913 | D        | Noticed a draconian
   917 | D        | Found a transporter.
   927 | D        | Killed a draconian
   929 | D        | Killed a red draconian
   929 | D        | Reached XP level 11. HP: 38/98 MP: 8/20
   936 | D        | Killed a black draconian
   943 | D        | Killed a green draconian
   951 | D        | Reached skill level 15 in Invocations
  1251 | D        | Entered arena 12.
  1251 | D        | Noticed a lich
  1251 | D        | Noticed a necromancer
  1251 | D        | Noticed a necromancer
  1255 | D        | Found a transporter.
  1257 | D        | Killed a necromancer
  1258 | D        | Noticed a phantasmal warrior
  1259 | D        | Killed a lich
  1261 | D        | Killed a necromancer
  1277 | D        | Learned a level 1 spell: Apportation
  1372 | D        | Entered arena 13.
  1372 | D        | Noticed a soul eater
  1372 | D        | Noticed a soul eater
  1375 | D        | Noticed a soul eater
  1375 | D        | Noticed a soul eater
  1376 | D        | Found a transporter.
  1378 | D        | Killed a soul eater
  1381 | D        | Killed a soul eater
  1385 | D        | Killed a soul eater
  1385 | D        | Reached XP level 12. HP: 105/105 MP: 23/23
  1413 | D        | Entered arena 14.
  1416 | D        | Noticed a hell hog
  1416 | D        | Noticed a hell hog
  1418 | D        | Noticed a fire dragon
  1418 | D        | Noticed a hell hog
  1419 | D        | Noticed a fire giant
  1421 | D        | Killed a hell hog
  1422 | D        | Found a transporter.
  1425 | D        | Killed a fire giant
  1425 | D        | Reached skill level 10 in Evocations
  1425 | D        | Killed a hell hog
  1426 | D        | Killed a hell hog
  1427 | D        | Killed a fire dragon
  1448 | D        | Identified Pyen's Catalogue of the Ashen Blaze (You found it in the Dungeon)
  1571 | D        | Entered arena 15.
  1573 | D        | Noticed a vault guard
  1573 | D        | Noticed a vault guard
  1573 | D        | Noticed a shadow dragon
  1573 | D        | Noticed a vault guard
  1574 | D        | Noticed a stone giant
  1574 | D        | Noticed a lich
  1574 | D        | Noticed a shadow dragon
  1574 | D        | Noticed a vault guard
  1574 | D        | Noticed a vault guard
  1574 | D        | Noticed a vault guard
  1574 | D        | Noticed a vault guard
  1575 | D        | Found a transporter.
  1578 | D        | Killed a vault guard
  1578 | D        | Killed a vault guard
  1578 | D        | Killed a lich
  1583 | D        | Killed a vault guard
  1583 | D        | Reached skill level 15 in Armour
  1583 | D        | Killed a shadow dragon
  1583 | D        | Reached XP level 13. HP: 124/124 MP: 15/25
  1590 | D        | Reached skill level 15 in Fighting
  1591 | D        | Killed a shadow dragon
  1592 | D        | Killed a stone giant
  1667 | D        | Identified the Volume of the Hurtful Oath (You found it in the Dungeon)
  1689 | D        | Entered arena 16.
  1693 | D        | Found a transporter.
  1755 | D        | Learned a level 2 spell: Blink
  1840 | D        | Entered arena 17.
  1844 | D        | Noticed a fire dragon
  1844 | D        | Noticed a fire giant
  1844 | D        | Noticed a fire dragon
  1844 | D        | Noticed a fire giant
  1844 | D        | Noticed a fire giant
  1853 | D        | Killed a fire giant
  1856 | D        | Killed a fire dragon
  1860 | D        | Killed a fire dragon
  1862 | D        | Killed a fire giant
  1865 | D        | Killed a fire giant
  1870 | D        | Found a transporter.
  2176 | D        | Entered arena 18.
  2181 | D        | Noticed an iron dragon
  2181 | D        | Noticed a stone giant
  2181 | D        | Noticed an iron dragon
  2182 | D        | Noticed an iron dragon
  2182 | D        | Noticed a stone giant
  2182 | D        | Noticed an iron dragon
  2183 | D        | Found a transporter.
  2201 | D        | Killed an iron dragon
  2215 | D        | Killed an iron dragon
  2228 | D        | Killed a stone giant
  2228 | D        | HP: 5/142 [earth elemental (18)]
  2230 | D        | Killed a stone giant
  2230 | D        | Reached XP level 14. HP: 23/152 MP: 15/26
  2233 | D        | Killed an iron dragon
  2240 | D        | Killed an iron dragon
  2602 | D        | Identified the Almanac of Transmigration and the Rocks (You found it in the Dungeon)
  2603 | D        | Identified The Lost Grimoire of the Archmage (You found it in the Dungeon)
  2611 | D        | Entered arena 19.
  2637 | D        | Found a transporter.
  2720 | D        | Got the ring "Neng" {*Corrode +Blink rPois Int+3}
  3024 | D        | Entered arena 20.
  3031 | D        | Noticed a fire giant
  3031 | D        | Noticed a fire giant
  3031 | D        | Noticed a fire giant
  3047 | D        | Killed a fire giant
  3057 | D        | Killed a fire giant
  3058 | D        | Killed a fire giant
  3058 | D        | Reached skill level 27 in Fighting
  3061 | D        | Found a transporter.
  3108 | D        | Identified Qujit's Tome of Unstable Protection (You found it in the Dungeon)
  3112 | D        | Identified Ireany's Almanac of Creation (You found it in the Dungeon)
  3180 | D        | Entered arena 21.
  3199 | D        | Reached XP level 15. HP: 171/174 MP: 17/27
  3209 | D        | Found a transporter.
  3328 | D        | Entered arena 22.
  3336 | D        | Noticed a glowing shapeshifter
  3336 | D        | a glowing shapeshifter changed into a jelly
  3337 | D        | Noticed a shard shrike
  3339 | D        | Noticed a shard shrike
  3339 | D        | Noticed a titan
  3339 | D        | a shard shrike changed into a titan
  3341 | D        | Killed a titan
  3343 | D        | Noticed a titan
  3343 | D        | a shard shrike changed into a titan
  3344 | D        | Noticed an acid blob
  3344 | D        | Noticed a storm dragon
  3344 | D        | a queen ant changed into a storm dragon
  3345 | D        | a storm dragon changed into a queen ant
  3346 | D        | Noticed a titan
  3346 | D        | Killed a titan
  3347 | D        | Noticed a golden dragon
  3347 | D        | a titan changed into a golden dragon
  3347 | D        | Noticed an iron giant
  3347 | D        | an acid blob changed into an iron giant
  3348 | D        | Noticed a sphinx
  3348 | D        | an iron giant changed into a sphinx
  3349 | D        | Noticed an iron dragon
  3349 | D        | a golden dragon changed into an iron dragon
  3349 | D        | Noticed a shadow dragon
  3349 | D        | a sphinx changed into a shadow dragon
  3351 | D        | an iron dragon changed into a stone giant
  3352 | D        | Noticed a quicksilver dragon
  3352 | D        | a shadow dragon changed into a quicksilver dragon
  3354 | D        | Noticed a frost giant
  3354 | D        | a quicksilver dragon changed into a frost giant
  3355 | D        | Noticed a frost giant
  3355 | D        | a stone giant changed into a frost giant
  3356 | D        | Noticed a ghost moth
  3356 | D        | an alligator changed into a ghost moth
  3357 | D        | Noticed a storm dragon
  3357 | D        | a ghost moth changed into a storm dragon
  3359 | D        | a storm dragon changed into a minotaur
  3360 | D        | Noticed a shadow dragon
  3360 | D        | a frost giant changed into a shadow dragon
  3360 | D        | Noticed a ghost moth
  3360 | D        | an alligator changed into a ghost moth
  3362 | D        | Noticed a shadow dragon
  3362 | D        | a frost giant changed into a shadow dragon
  3362 | D        | a ghost moth changed into a catoblepas
  3363 | D        | Noticed an azure jelly
  3363 | D        | a shadow dragon changed into an azure jelly
  3366 | D        | Killed an azure jelly
  3368 | D        | Noticed a caustic shrike
  3368 | D        | a shadow dragon changed into a caustic shrike
  3370 | D        | Noticed a juggernaut
  3370 | D        | a caustic shrike changed into a juggernaut
  3371 | D        | Noticed a shard shrike
  3371 | D        | a juggernaut changed into a shard shrike
  3372 | D        | Noticed an iron giant
  3372 | D        | a shard shrike changed into an iron giant
  3373 | D        | Noticed a shadow dragon
  3373 | D        | an iron giant changed into a shadow dragon
  3376 | D        | Noticed a quicksilver dragon
  3376 | D        | a shadow dragon changed into a quicksilver dragon
  3386 | D        | Noticed a shadow dragon
  3386 | D        | a quicksilver dragon changed into a shadow dragon
  3397 | D        | Noticed a sphinx
  3397 | D        | an iron troll changed into a sphinx
  3402 | D        | a shadow dragon changed into an alligator snapping turtle
  3402 | D        | Noticed a quicksilver dragon
  3402 | D        | a sphinx changed into a quicksilver dragon
  3403 | D        | Noticed an azure jelly
  3403 | D        | an alligator snapping turtle changed into an azure jelly
  3410 | D        | Killed an azure jelly
  3417 | D        | a quicksilver dragon changed into an alligator snapping turtle
  3420 | D        | Noticed an azure jelly
  3420 | D        | a catoblepas changed into an azure jelly
  3423 | D        | Noticed a storm dragon
  3423 | D        | an azure jelly changed into a storm dragon
  3427 | D        | a storm dragon changed into a seven-headed hydra
  3438 | D        | Got the ring "Roguiv" {Dex+5 Stlth-}
  3444 | D        | Found a transporter.
  3452 | D        | Got the ring of Hepliaklqana's Regard {+Fly rF- Int+4}
  3481 | D        | Identified Sif Muna's Disquisition on Flying Self-Improvement (You found it in the Dungeon)
  3756 | D        | Entered arena 23.
  3856 | D        | Found a transporter.
  3879 | D        | Got the amulet "Ocanim" {Inacc MR+ Str+4 Stlth+}
  3887 | D        | Got the ring of Ygiehir {Fire Dex+4}
  3889 | D        | Identified the Collected Works on the Feathery Rocks (You found it in the Dungeon)
  4130 | D        | Entered arena 24.
  4140 | D        | Noticed a ghost moth
  4140 | D        | Noticed a death cob
  4140 | D        | Noticed a death cob
  4140 | D        | Noticed a death cob
  4140 | D        | Noticed a storm dragon
  4140 | D        | Noticed a storm dragon
  4141 | D        | Noticed a tentacled monstrosity
  4141 | D        | Noticed an Orb Guardian
  4141 | D        | Noticed a death cob
  4142 | D        | Noticed an Orb Guardian
  4142 | D        | Noticed an Orb Guardian
  4142 | D        | Noticed an Orb Guardian
  4143 | D        | Noticed a golden dragon
  4144 | D        | Noticed a ghost moth
  4146 | D        | Noticed a quicksilver dragon
  4146 | D        | Killed a death cob
  4146 | D        | Killed a death cob
  4147 | D        | Noticed a death cob
  4147 | D        | Killed a ghost moth
  4147 | D        | Killed a death cob
  4147 | D        | Killed a death cob
  4147 | D        | Reached skill level 27 in Armour
  4147 | D        | Killed a storm dragon
  4148 | D        | Killed an Orb Guardian
  4148 | D        | Reached XP level 16. HP: 183/183 MP: 7/30
  4149 | D        | Noticed an Orb Guardian
  4149 | D        | Noticed an Orb Guardian
  4149 | D        | Killed an Orb Guardian
  4150 | D        | Killed a storm dragon
  4159 | D        | Killed an Orb Guardian
  4176 | D        | Killed an Orb Guardian
  4185 | D        | Killed a death cob
  4191 | D        | Slain by a yellow draconian

Skill      XL: |  1  2  3  4  5  6  7  8  9 10 11 12 13 14 15 16 |
---------------+-------------------------------------------------+-----
Shields        | 7 8 9 12 14 15 | 15.2
Invocations    | 5 6 8 10 13 17 18 23 26 | 26.1
Long Blades    | 9 14 | 14.7
Fighting       | 7 8 10 14 21 27 | 27.0
Armour         | 5 6 8 10 15 19 22 27 | 27.0
Dodging        | 7 9 |  9.1
Evocations     | 6 9 10 | 10.9

Action                   |  1- 3 |  4- 6 |  7- 9 | 10-12 | 13-15 | 16-18 || total
-------------------------+-------+-------+-------+-------+-------+-------++-------
Melee: Double sword      |     7 |    11 |    49 |     8 |     6 |       ||    81
       Headbutt          |     4 |     6 |    10 |    35 |   101 |    10 ||   166
       Eudemon blade     |       |       |       |    91 |   272 |    36 ||   399
Invok: Divine Shield     |       |       |     1 |     7 |    10 |       ||    18
       Cleansing Flame   |       |       |       |    11 |    34 |     3 ||    48
       Summon Divine War |       |       |       |     2 |     7 |       ||     9
       Brand Weapon With |       |       |       |     1 |       |       ||     1
Evoke: Box of beasts     |       |       |       |       |     4 |     1 ||     5
       Phantom mirror    |       |       |       |       |     2 |       ||     2
       Sack of spiders   |       |       |       |       |     1 |       ||     1
  Use: Potion            |     1 |       |       |       |    12 |     2 ||    15
       Scroll            |       |       |       |       |     9 |     1 ||    10
  Eat: Fruit             |       |       |       |     1 |       |       ||     1
       Chunk             |       |       |       |     3 |    13 |       ||    16
       Royal jelly       |       |       |       |       |     2 |       ||     2
Armor: Gold dragon scale |     3 |     1 |    11 |    20 |   289 |    34 ||   358
Dodge: Dodged            |       |       |       |     7 |    78 |    19 ||   104
Block: Shield            |    12 |    14 |    40 |   165 |   617 |   137 ||   985
       Reflection        |       |       |     1 |     8 |    17 |       ||    26
       Rpst.: Eudemon blade |       |       |       |       |    10 |     4 ||    14
       Double sword      |       |       |       |       |     2 |       ||     2
